 Dungeon Crawl Stone Soup version 0.30-a0-1082-g70414cbcbb (webtiles) character file.

Game seed: 4602231361811389158

21 NateTC the Trooper (level 2, 0/20 HPs)
             Began as a Gargoyle Fighter on Apr 15, 2023.
             Slain by a goblin
             ... wielding a +0 dagger
             ... led by Robin
              (3 damage)
             ... on level 1 of the Dungeon.
             The game lasted 00:01:31 (1254 turns).

NateTC the Trooper (Gargoyle Fighter)               Turns: 1254, Time: 00:01:31

Health: 0/20       AC:  9    Str: 19    XL:     2   Next: 87%
Magic:  2/2        EV:  9    Int:  8    God:
Gold:   102        SH:  4    Dex:  9    Spells: 1/1 levels left

rFire   . . .      SeeInvis .    f - +0 flail (drain)
rCold   . . .      Faith    .    c - +0 buckler
rNeg    + . .      Spirit   .    b - +0 scale mail
rPois   ∞          Reflect  .    (no helmet)
rElec   +          Rampage  .    (no cloak)
rCorr   .                        (no gloves)
Will    .....                    (no boots) Stlth
                                 (no amulet)
HPRegen 0.23/turn                (no ring)
MPRegen 0.08/turn                (no ring)

@: mighty
A: sickness immunity, AC +2, negative energy resistance 1, electricity
resistance, torment resistance 1, petrification resistance
a: no special abilities


You were on level 1 of the Dungeon.
You visited 1 branch of the dungeon, and saw 2 of its levels.

You collected 102 gold pieces.

Inventory:

Hand Weapons
 f - a +0 flail of draining (weapon)
Armour
 b - a +0 scale mail (worn)
 c - a +0 buckler (worn)
Potions
 e - 2 potions of brilliance {unknown}
 h - a potion of attraction {unknown}


   Skills:
 * Level 3.6 Fighting
 * Level 2.4 Maces & Flails
 + Level 3.4 Armour
 + Level 3.5 Shields


You had one spell level left.
You didn't know any spells.
Your spell library was empty.

Dungeon Overview and Level Annotations

Branches:
Dungeon (2/15) Zot: 10714

Altars:

Annotations:
D:2 Robin, Sigmund


Innate Abilities, Weirdness & Mutations

You are immune to sickness and miasma.
Your stone body is resilient. (AC +2)
You are immune to poison.
You resist negative energy. (rN+)
You are resistant to electric shocks. (rElec)
You are resistant to unholy torment.
You are immune to petrification.


Message History

You hear a zap.
A puff of flame appears from out of thin air!
You block the puff of flame.
You closely miss something.
The hobgoblin hits you but does no damage.
The goblin hits you but does no damage.
Robin of the Strong Arm comes into view.
They are wielding a +0 dagger, wearing the +2 helmet of Huary {Will++ Str+2} and carrying a wand of quicksilver (5).
You hear some strange, mumbled words.
Something tries to affect you, but you resist.
You closely miss something. You block the hobgoblin's attack.
The goblin hits you with a +0 dagger.
Robin roars a battlecry!
The goblins go into a battle-frenzy!
Something hits you.
The hobgoblin hits you but does no damage.
The goblin hits you but does no damage. Something hits you but does no damage.
The hobgoblin hits you but does no damage.
You block the goblin's attack. The goblin barely misses you.
You climb upwards.
Reactivating autopickup.
There is a stone staircase leading down here.
You thump the goblin!
You kill the goblin!
You block the hobgoblin's attack. The goblin hits you but does no damage.
Something hits you but does no damage.
Deactivating autopickup; reactivate with Ctrl-A.
You barely miss the hobgoblin.
The hobgoblin hits you but does no damage.
The goblin hits you but does no damage.
You hear a zap.
A puff of flame appears from out of thin air!
The puff of flame hits you.
* * * LOW HITPOINT WARNING * * *
Okay, then.
You barely miss the hobgoblin. The hobgoblin closely misses you.
The goblin closely misses you. Something hits you but does no damage.
The hobgoblin hits you but does no damage.
The goblin hits you with a +0 dagger.
You die...

#.# #..#.# ##.# ####.#
###..#############
#############.................
####...............###########...
.......[........................#
...#######..##.....#########....#
.............#.{g..# #.....^..).
....⌠.⌠.⌠...##..@).# #..#......#
...........###.g#### ##..#......#
.....⌠.⌠..## #....####...#.>....#
.........## #.##.#......#.#....#
......⌠..# #.##.#......#.#....#
........######.##.#......#.######
...............##........#.#
........#####..####......#.#
.......## ##.# #......#.#


You could see a hobgoblin (strong) and a goblin.

Vanquished Creatures
  2 endoplasms (D:1)
  2 giant cockroaches (D:1)
  A goblin (D:1)
  A hobgoblin (D:2)
  2 kobolds (D:1)
  4 ball pythons (D:1)
  4 bats (D:1)
  A frilled lizard (D:1)
  5 rats (D:1)
22 creatures vanquished.

Notes
Turn   | Place    | Note
-------+----------+-------------------------------------------
     0 | D:1      | NateTC the Gargoyle Fighter began the quest for the Orb.
     0 | D:1      | Reached XP level 1. HP: 14/14 MP: 1/1
    49 | D:1      | You fall into a shaft and drop 1 floor!
   128 | D:2      | Noticed Sigmund
   354 | D:1      | Reached XP level 2. HP: 19/19 MP: 2/2
  1248 | D:2      | Identified the +2 helmet of Huary {Will++ Str+2}
  1248 | D:2      | Noticed Robin
  1254 | D:1      | Slain by a goblin

Illustrated notes

Levels and vault maps discovered:
D:1:      eino_arrival_cavern_a, layout_rooms, serial_co_window_serial,
          co_window_of_opportunity_a, co_window_paths_b, co_window_corner_a,
          co_window_of_opportunity_a, co_window_paths_a, co_window_paths_b,
          co_window_paths_b, co_window_paths_a, co_window_paths_b,
          co_window_paths_c, co_window_broadway_c, co_window_corner_cb,
          co_window_corner_b, co_window_paths_d, glass_columns_b,
          glass_columns_a, glass_columns_b, chequers_serial_rivers_room_b
D:2:      mumra_celtic_spiral_tile, layout_loops_ring, serial_forest,
          infiniplex_forest_lined_room_, infiniplex_forest_straight_1,
          infiniplex_forest_clump_curved, infiniplex_forest_lined_4_way,
          infiniplex_forest_lined_3, minmay_hexomino_r4, uniq_sigmund,
          uniq_robin

Action                     || total
---------------------------++-------
  Melee: Flail             ||    82
    Use: Scroll            ||     4
         Potion            ||     1
 Armour: Scale mail        ||    64
  Dodge: Dodged            ||    49
  Block: Buckler           ||    17

Table legend: (Time is in decaauts)
 A = Elapsed time spent in this place.
 B = Non-inter-level travel time spent in this place.
 C = Inter-level travel time spent in this place.
 D = Time resting spent in this place.
 E = Time spent auto-exploring this place.
 F = Levels seen in this place.
 G = Mean time per level.
                   A        B        C        D        E       F      G
               +--------+--------+--------+--------+--------+-----+--------+
         Total |   1284 |   1185 |     99 |      3 |    965 |   2 |  642.0 |
       Dungeon |   1284 |   1185 |     99 |      3 |    965 |   2 |  642.0 |
               +--------+--------+--------+--------+--------+-----+--------+

Top non-repeatable levels by time:
     D:1: 1171 daAuts
     D:2: 113 daAuts
